 Dungeon Crawl Stone Soup version 0.30-a0-263-ge22c4ad894 (webtiles) character file.

Game seed: 5731131778883548859

130 mopl the Sneak (level 5, -1/33 (34) HPs)
             Began as an Octopode Brigand on Oct 13, 2022.
             Slain by a gnoll
             ... wielding a +0 flail
              (11 damage)
             ... on level 3 of the Dungeon.
             The game lasted 00:03:26 (1264 turns).

mopl the Sneak (Octopode Brigand)                   Turns: 1264, Time: 00:03:26

HP:   -1/33 (34)    AC:  1    Str: 10    XL:     5   Next: 14%
MP:   5/5           EV: 12    Int: 15    God:
Gold: 33            SH:  0    Dex: 14    Spells: 4/4 levels left

rFire   . . .      SeeInvis .    a - +2 dagger (drain)
rCold   . . .      Faith    .    (no shield)
rNeg    . . .      Spirit   .    (helmet restricted)
rPois   .          Reflect  .    (no amulet)
rElec   .          Harm     .    (no ring)
rCorr   .          Rampage  .    (no ring)
Will    .....                    (no ring)
Stlth   ++++......               (no ring)
HPRegen 0.25/turn                (no ring)
MPRegen 0.09/turn                (no ring)
                                 (no ring)
                                 (no ring)

@: lightly drained
A: almost no armour, amphibious, 8 rings, camouflage 1, gelatinous body 1,
(nimble swimmer 1), tentacles
a: no special abilities


You were on level 3 of the Dungeon.
You visited 1 branch of the dungeon, and saw 3 of its levels.

You collected 33 gold pieces.

Inventory:

Hand Weapons
 a - a +2 dagger of draining (weapon)
Missiles
 b - 9 poisoned darts (quivered)
 c - 3 curare-tipped darts
Scrolls
 d - 4 scrolls of teleportation {unknown}
 f - a scroll of blinking {unknown}
 g - 3 scrolls of magic mapping {unknown}
 h - a scroll of identify {unknown}
 m - a scroll of enchant weapon {unknown}
Potions
 e - 4 potions of curing {unknown}
 i - a potion of berserk rage {unknown}
 j - 2 potions of degeneration {unknown}
 k - a potion of invisibility {unknown}
 l - 2 potions of haste {unknown}
 n - a potion of attraction {unknown}
 o - a potion of brilliance {unknown}
 p - a potion of lignification {unknown}
 q - a potion of mutation {unknown}


   Skills:
 - Level 2.0 Fighting
 - Level 2.0 Short Blades
 + Level 3.9 Throwing
 - Level 1.0 Dodging
 + Level 7.2 Stealth


You had 4 spell levels left.
You didn't know any spells.
Your spell library was empty.

Dungeon Overview and Level Annotations

Branches:
Dungeon (3/15)

Altars:

Shops:
D:1 :

Annotations:
D:2 dig
D:3 1 runed translucent door, Tenar's ghost, amateur BaRe


Innate Abilities, Weirdness & Mutations

You cannot wear most types of armour.
You are amphibious.
You can wear up to eight rings at the same time.
Your skin changes colour to match your surroundings (Stealth+).
Your rubbery body absorbs attacks. (AC +1, EV +1)
((You are camouflaged when in or above water. (Stealth+)))
You have tentacles for arms and can constrict up to eight enemies at once.


Message History

The gnoll shouts!
Your grab misses the gnoll. You barely miss the gnoll. You grab the gnoll.
You constrict the gnoll, but do no damage.
The gnoll misses you. The gnoll barely misses you.
Unknown command.
You hit the gnoll.
The gnoll is moderately wounded.
You constrict the gnoll.
The gnoll hits you with a +2 flail of draining.
You feel drained.
The gnoll hits you from afar with a +0 spear.
Unknown command.
You hit the gnoll. You drain the gnoll.
The gnoll is severely wounded.
You constrict the gnoll. The gnoll closely misses you.
The gnoll barely misses you.
Unknown command.
You hit the gnoll.
You kill the gnoll!
The gnoll barely misses you.
Unknown command.
The gnoll barely misses you.
You hit the gnoll. You drain the gnoll. You grab the gnoll.
The gnoll is moderately wounded.
You constrict the gnoll.
The gnoll escapes!
The gnoll closely misses you. The gnoll hits you with a +0 spear.
You hit the gnoll. You grab the gnoll.
The gnoll is moderately wounded.
You constrict the gnoll. The gnoll misses you.
The gnoll hits you with a +0 spear.
You hit the gnoll. Your grab misses the gnoll.
You squeeze the gnoll, but do no damage.
The gnoll is heavily wounded.
You constrict the gnoll, but do no damage.
The gnoll hits you with a +0 flail! The gnoll closely misses you.
You hit the gnoll. You drain the gnoll.
You kill the gnoll!
You constrict the gnoll. The gnoll hits you with a +0 flail!
You die...

###..###...........
...............)..
#..##...)......#. #
#..##..........#.
#.###...#..........+.
#...)..............##
##.####..##.#....#
#.)........#....#
#@#####..?.#....# #g#
+.>.##....# #.# #...#
#.# ..... ... ......
... ...... ... .....


You could see a gnoll.

Vanquished Creatures
  Robin (D:2)
  2 gnolls (D:3)
  6 adders (D:2)
  A worm (D:3)
  A dart slug (D:1)
  5 bats
  2 endoplasms
  A giant cockroach (D:1)
  12 goblins
  6 hobgoblins
  3 jackals (D:1)
  4 kobolds
  3 ball pythons
  5 frilled lizards (D:1)
  A rat (D:1)
53 creatures vanquished.

Notes
Turn   | Place    | Note
-------+----------+-------------------------------------------
     0 | D:1      | mopl the Octopode Brigand began the quest for the Orb.
     0 | D:1      | Reached XP level 1. HP: 14/14 MP: 1/1
    77 | D:1      | Reached XP level 2. HP: 14/19 MP: 2/2
   121 | D:1      | Found Naosal's Vocational Training.
   192 | D:1      | Reached skill level 6 in Stealth
   311 | D:1      | Reached XP level 3. HP: 24/24 MP: 3/3
   465 | D:2      | Reached skill level 3 in Throwing
   539 | D:2      | Reached XP level 4. HP: 29/29 MP: 4/4
   732 | D:2      | Noticed Robin
   855 | D:2      | Killed Robin
   856 | D:2      | Reached skill level 7 in Stealth
  1212 | D:3      | Found a runed translucent door.
  1219 | D:3      | Reached XP level 5. HP: 34/34 MP: 5/5
  1229 | D:3      | Noticed Tenar's ghost (amateur BaRe)
  1264 | D:3      | Slain by a gnoll

Illustrated notes

Levels and vault maps discovered:
D:1:      spicycebolla_arrival_transporter_tutorial, layout_rooms,
          nicolae_shop_vocational
D:2:      layout_rooms, reono_crystal_passage, grunt_decor_resistance,
          minmay_misc_feat_cross, ebering_dispersal_statue_hall,
          minmay_statues_item, uniq_robin
D:3:      layout_basic, ebering_ghost_sewer_d

Skill      XL: |  1  2  3  4 |
---------------+-------------+-----
Stealth        | 6 7 |  7.2
Throwing       | 3 |  3.9
Fighting       | |  2.0
Short Blades   | |  2.0
Dodging        | |  1.0

Action                   |  1- 3 |  4- 6 || total
-------------------------+-------+-------++-------
Melee: Dagger            |    52 |    51 ||   103
       Constrict         |    10 |    14 ||    24
       Tentacles         |     7 |    12 ||    19
       Punch             |       |     1 ||     1
 Stab: Sleeping          |    10 |     2 ||    12
Armor: Skin              |     7 |     3 ||    10
Dodge: Dodged            |    22 |    52 ||    74

Table legend: (Time is in decaauts)
 A = Elapsed time spent in this place.
 B = Non-inter-level travel time spent in this place.
 C = Inter-level travel time spent in this place.
 D = Time resting spent in this place.
 E = Time spent auto-exploring this place.
 F = Levels seen in this place.
 G = Mean time per level.
                   A        B        C        D        E       F      G
               +--------+--------+--------+--------+--------+-----+--------+
         Total |   1257 |   1216 |     41 |    241 |    546 |   3 |  419.0 |
       Dungeon |   1257 |   1216 |     41 |    241 |    546 |   3 |  419.0 |
               +--------+--------+--------+--------+--------+-----+--------+

Top non-repeatable levels by time:
     D:1: 656 daAuts
     D:2: 543 daAuts
     D:3: 57 daAuts
